 Dungeon Crawl Stone Soup version 0.29.1-15-g9cfb28693d (webtiles) character file.

Game seed: 12336583486844085003

2571 joshua the Cleaver (level 9, -9/90 HPs)
             Began as a Minotaur Monk on Mar 24, 2023.
             Was a Priest of Okawaru.
             Mangled by Sanktem7's ghost (18 damage)
             ... on level 7 of the Dungeon.
             The game lasted 00:27:48 (8103 turns).

joshua the Cleaver (Minotaur Monk)                  Turns: 8103, Time: 00:27:49

Health: -9/90      AC: 10    Str: 20    XL:     9   Next: 32%
Magic:  8/8        EV: 14    Int:  7    God:    Okawaru [***...]
Gold:   411        SH:  0    Dex: 13    Spells: 8/8 levels left

rFire   . . .      SeeInvis .   i - +5 hand axe of Arrival {drain, +Blink rC+}
rCold   + . .      Faith    .   (no shield)
rNeg    . . .      Spirit   .   e - +0 ring mail
rPois   .          Reflect  .   (helmet restricted)
rElec   .          Harm     .   (no cloak)
rCorr   .          Rampage  .   k - +0 pair of gloves
Will    .....                   d - +1 pair of boots
Stlth   +.........              (no amulet)
HPRegen 0.25/turn               (no ring)
MPRegen 0.11/turn               (no ring)

@: no status effects
A: horns 2, retaliatory headbutt, robust 1
a: Renounce Religion, Evoke Blink, Heroism


You were on level 7 of the Dungeon.
You worshipped Okawaru.
Okawaru was most pleased with you.
You visited 2 branches of the dungeon, and saw 8 of its levels.

You collected 411 gold pieces.

Inventory:

Hand Weapons
 a - a +0 hand axe
 g - a +0 shortbow of freezing
 i - the +5 hand axe of Arrival (weapon) {drain, +Blink rC+}
   (You acquired it on level 5 of the Dungeon)

   A truly terrible weapon, it drains the life of any living foe it strikes.
   rC:        It protects you from cold.
   +Blink:    It lets you blink.
 m - a +1 dagger of speed
 n - the +8 short sword "Giantbane" {vorpal, rPois Str+4}
   (You found it on level 6 of the Dungeon)

   It inflicts extra damage upon your enemies.
   Str:       It affects your strength (+4).
   rPois:     It protects you from poison.
 s - a +2 dagger of venom
 v - a +2 dagger of venom
 z - a +2 vampiric short sword
Missiles
 D - 2 throwing nets (quivered)
Armour
 d - a +1 pair of boots (worn)
 e - a +0 ring mail (worn)
 j - a +2 leather armour of willpower
 k - a +0 pair of gloves (worn)
Jewellery
 p - a ring of positive energy
 y - a ring of protection from cold
Wands
 l - a wand of mindburst (24)
Scrolls
 h - 3 scrolls of enchant weapon
 t - a scroll of blinking
 u - 4 scrolls of teleportation
 x - a scroll of fog
Potions
 c - a potion of ambrosia
 f - a potion of berserk rage
 o - a potion of curing
 q - 2 potions of might
 r - 3 potions of attraction
 w - a potion of brilliance
 A - 2 potions of heal wounds
 B - a potion of lignification
 C - a potion of flight {unknown}
 F - 2 potions of resistance


   Skills:
 * Level 8.4 Fighting
 * Level 8.5 Axes
 * Level 7.3 Armour
 * Level 7.7 Dodging
 - Level 1.8 Stealth


You had 8 spell levels left.
You didn't know any spells.
Your spell library contained the following spells:

 Spells                   Type           Power      Damage    Failure   Level
 Gell's Gravitas          Tloc           0%         N/A       91%         3
 Lesser Beckoning         Tloc           0%         N/A       91%         3
 Portal Projectile        Hex/Tloc       0%         N/A       91%         3
 Teleport Other           Tloc           0%         N/A       91%         3
 Leda's Liquefaction      Hex/Erth       0%         N/A       100%        4
 Eringya's Noxious Bog    Tmut/Pois      0%         N/A       100%        6
 Call Canine Familiar     Summ           Unusable   N/A       N/A         3
 Summon Forest            Summ/Tloc      Unusable   N/A       N/A         5
 Summon Hydra             Summ           Unusable   N/A       N/A         7

Dungeon Overview and Level Annotations

Branches:
Dungeon (7/15)             Temple (1/1) D:5

Altars:
Ashenzari
Dithmenos
Elyvilon
Gozag
Hepliaklqana
Nemelex Xobeh
Okawaru
Qazlal
Trog
Wu Jian
Xom
Yredelemnul
Zin
The Shining One

Annotations:
D:7 Sanktem7's ghost, novice FoFi


Innate Abilities, Weirdness & Mutations

You have a pair of horns on your head.
You reflexively headbutt those who attack you in melee.
You are robust. (+10% HP)


Message History

You hit Sanktem7's ghost.
Sanktem7's ghost is lightly damaged.
Sanktem7's ghost hits you!
You hit Sanktem7's ghost but do no damage.
Sanktem7's ghost is lightly damaged.
Sanktem7's ghost hits you but does no damage.
You barely miss Sanktem7's ghost. Your headbutt misses Sanktem7's ghost.
Sanktem7's ghost is lightly damaged.
Sanktem7's ghost hits you!
You hit Sanktem7's ghost but do no damage.
Sanktem7's ghost is lightly damaged.
Sanktem7's ghost hits you!
You hit Sanktem7's ghost but do no damage.
Your headbutt misses Sanktem7's ghost.
Sanktem7's ghost is lightly damaged.
Sanktem7's ghost hits you.
You closely miss Sanktem7's ghost.
Sanktem7's ghost is lightly damaged.
You hit Sanktem7's ghost.
Sanktem7's ghost is lightly damaged.
Sanktem7's ghost misses you. You furiously retaliate!
You headbutt Sanktem7's ghost! You hit Sanktem7's ghost.
Sanktem7's ghost is moderately damaged.
Sanktem7's ghost closely misses you.
You closely miss Sanktem7's ghost.
Sanktem7's ghost is moderately damaged.
Sanktem7's ghost misses you.
You hit Sanktem7's ghost.
Sanktem7's ghost is heavily damaged.
Sanktem7's ghost hits you!
You fail to use your ability.
Sanktem7's ghost hits you!
You barely miss Sanktem7's ghost. Your headbutt misses Sanktem7's ghost.
Sanktem7's ghost is heavily damaged.
Sanktem7's ghost hits you!!
* * * LOW HITPOINT WARNING * * *
You completely miss Sanktem7's ghost. Your headbutt misses Sanktem7's ghost.
Sanktem7's ghost is heavily damaged.
Sanktem7's ghost hits you!!
You die...

####### ##.....####
##.........###
##...###......#
##...##⌠##.....#
#####...##...##....#
.......##..?..##...#
.......#⌠..♣...W@..#
.......##..!..##..##
........##...##.....
##.###...##⌠##...####
.........†###...##
.....###........#
<....#...........
##.#.#.#.........
#.#.#.#.#.#....#


You could see Sanktem7's ghost.

Vanquished Creatures
  A hornet (D:5)
  Sigmund (D:6)
  4 black bears
  2 ice beasts (D:5)
  4 ogres
  2 centaurs (D:5)
  2 bullfrogs
  6 scorpions
  3 necrophages
  2 jellies
  2 orc priests
  3 hounds
  3 iguanas
  An orc wizard (D:6)
  7 gnolls
  3 adders
  A white imp (D:5)
  An ufetubus (D:5)
  3 worms
  2 dart slugs
  7 orcs
  3 bats
  5 endoplasms
  2 giant cockroaches
  10 goblins
  4 hobgoblins
  A jackal (D:1)
  3 kobolds
  5 quokkas
  5 ball pythons
  2 frilled lizards
  4 rats
104 creatures vanquished.

Notes
Turn   | Place    | Note
-------+----------+-------------------------------------------
     0 | D:1      | joshua the Minotaur Monk began the quest for the Orb.
     0 | D:1      | Reached XP level 1. HP: 19/19 MP: 0/0
   146 | D:1      | Found a faded altar of an unknown god.
   310 | D:1      | Reached XP level 2. HP: 27/27 MP: 1/1
  1076 | D:2      | Reached skill level 1 in Armour
  1076 | D:2      | Reached XP level 3. HP: 28/33 MP: 2/2
  2547 | D:3      | Reached XP level 4. HP: 36/41 MP: 3/3
  3072 | D:4      | Noticed a scorpion
  3084 | D:3      | Killed a scorpion
  3340 | D:4      | Noticed a necrophage
  3354 | D:4      | Killed a necrophage
  3355 | D:4      | Reached XP level 5. HP: 42/47 MP: 4/4
  3428 | D:4      | Found a shimmering altar of Xom.
  3438 | D:4      | Reached skill level 5 in Axes
  3441 | D:4      | Reached skill level 5 in Fighting
  3664 | D:4      | Noticed an ogre
  3676 | D:4      | Killed an ogre
  3677 | D:4      | Reached XP level 6. HP: 56/56 MP: 5/5
  3985 | D:4      | Reached skill level 5 in Dodging
  4075 | D:4      | Found a large runed translucent door.
  4075 | D:4      | Found a large runed translucent door.
  4204 | D:4      | Reached XP level 7. HP: 55/62 MP: 6/6
  4804 | D:4      | Found a bloodstained altar of Trog.
  4824 | D:4      | Found a sparkling altar of Nemelex Xobeh.
  4848 | D:5      | Entered Level 5 of the Dungeon
  4853 | D:5      | Identified a scroll of acquirement
  4854 | D:5      | Acquired the +5 hand axe of Arrival {drain, +Blink rC+}
  4918 | D:5      | Reached skill level 5 in Armour
  4926 | D:5      | Found a staircase to the Ecumenical Temple.
  4932 | Temple   | Entered the Ecumenical Temple
  4964 | Temple   | Became a worshipper of Warmaster Okawaru
  4964 | Temple   | Reached * piety under Okawaru
  4964 | Temple   | Reached ** piety under Okawaru
  5110 | D:5      | Reached XP level 8. HP: 71/71 MP: 7/7
  5178 | D:5      | Noticed a hornet
  5197 | D:5      | Killed a hornet
  6552 | D:5      | Reached *** piety under Okawaru
  6649 | D:6      | Gained mutation: Your muscles are strong. (Str +4, Int/Dex
                  | -1) [potion of mutation]
  6649 | D:6      | Gained mutation: Your magical capacity is low. (-10% MP)
                  | [potion of mutation]
  6940 | D:6      | Reached XP level 9. HP: 76/81 MP: 7/7
  6977 | D:6      | Noticed Sigmund
  6985 | D:6      | Killed Sigmund
  7326 | D:6      | Lost mutation: Your muscles are strong. (Str +4, Int/Dex
                  | -1) [potion of mutation]
  7326 | D:6      | Lost mutation: Your magical capacity is low. (-10% MP)
                  | [potion of mutation]
  7326 | D:6      | Gained mutation: You are frail. (-10% HP) [potion of
                  | mutation]
  7326 | D:6      | Lost mutation: You are frail. (-10% HP) [potion of
                  | mutation]
  7326 | D:6      | Gained mutation: You are robust. (+10% HP) [potion of
                  | mutation]
  7677 | D:6      | Identified the +8 short sword "Giantbane" {vorpal, rPois
                  | Str+4}
  8034 | D:7      | Noticed Sanktem7's ghost (novice FoFi)
  8037 | D:7      | Found a runed translucent door.
  8103 | D:7      | Mangled by Sanktem7's ghost

Illustrated notes

Levels and vault maps discovered:
D:1:      minmay_arrival_stone_box, layout_loops_ring,
          ebering_ecumenical_altar_box, minmay_indecisive_spiral
D:2:      layout_basic
D:3:      layout_basic, kennysheep_decorative_pillar
D:4:      black_bear_nest_1, layout_loops_corners, old_standard_altar,
          jmf_multi_god_temple2, st_stairs_14, chequers_serial_rivers_small_b
D:5:      minmay_razor_zed, layout_cave_pods, minmay_temple_entry_hall
D:6:      layout_basic, uniq_sigmund
D:7:      layout_basic, hellmonk_ghost_happy_afterlife,
          kennysheep_cross_bottleneck, hangedman_decor_riveting
Temple:   nicolae_temple_bog_church

Skill      XL: |  1  2  3  4  5  6  7  8  9 |
---------------+----------------------------+-----
Axes           | 4 5 6 8 |  8.5
Fighting       | 4 5 6 8 |  8.4
Armour         | 1 2 3 4 5 6 7 |  7.3
Dodging        | 4 5 6 7 |  7.7
Stealth        | |  1.8

Action                   |  1- 3 |  4- 6 |  7- 9 || total
-------------------------+-------+-------+-------++-------
Melee: Hand axe          |   104 |    77 |   149 ||   330
       Headbutt          |     9 |    16 |    28 ||    53
       Punch             |     1 |     3 |     4 ||     8
Invok: Heroism           |       |       |     1 ||     1
 Abil: Evoke Blink       |       |       |     3 ||     3
  Use: Scroll            |       |       |    23 ||    23
       Potion            |       |       |     3 ||     3
 Stab: Sleeping          |     1 |     1 |       ||     2
Armor: Ring mail         |    37 |    35 |    50 ||   122
       Robe              |     3 |       |       ||     3
Dodge: Dodged            |    54 |    60 |    78 ||   192
